 Dungeon Crawl Stone Soup version 0.29.0-15-g675c0067aa (webtiles) character file.

Game seed: 12299709134696889598

201 qw the Chopper (level 5, -2/32 HPs)
             Began as a Gargoyle Fighter on Sept 12, 2022.
             Slain by Duvessa
             ... wielding a +0 rapier
              (5 damage)
             ... on level 4 of the Dungeon.
             The game lasted 00:01:15 (2733 turns).

qw the Chopper (Gargoyle Fighter)                   Turns: 2733, Time: 00:01:15

Health: -2/32      AC: 14    Str: 21    XL:     5   Next: 79%
Magic:  5/5        EV:  7    Int:  9    God:
Gold:   196        SH:  4    Dex:  9    Spells: 4/4 levels left

rFire   + . .      SeeInvis .   Y - +1 war axe
rCold   . . .      Faith    .   c - +0 buckler
rNeg    + . .      Spirit   .   n - +0 chain mail
rPois   inf        Reflect  .   (no helmet)
rElec   +          Harm     .   (no cloak)
rCorr   .          Rampage  .   j - +0 pair of gloves
Will    .....                   (no boots)
Stlth   ..........              (no amulet)
HPRegen 0.10/turn               g - ring of protection from fire
MPRegen 0.09/turn               (no ring)

@: no status effects
A: sickness immunity, AC +4, negative energy resistance 1, electricity
resistance, torment resistance 1, petrification resistance
a: no special abilities


You were on level 4 of the Dungeon.
You visited 1 branch of the dungeon, and saw 4 of its levels.

You collected 196 gold pieces.


Innate Abilities, Weirdness & Mutations

You are immune to sickness and miasma.
Your stone body is resilient. (AC +4)
You are immune to poison.
You resist negative energy. (rN+)
You are resistant to electric shocks. (rElec)
You are resistant to unholy torment.
You are immune to petrification.


   Skills:
 + Level 3.2 Fighting
 - Level 5.3 Axes
 - Level 3.2 Armour
 - Level 3.2 Shields


You had 4 spell levels left.
You didn't know any spells.
Your spell library was empty.

Inventory:

Hand Weapons
 i - a +0 flail
 Y - a +1 war axe (weapon)
Armour
 c - a +0 buckler (worn)
 j - a +0 pair of gloves (worn)
 n - a +0 chain mail (worn)
Jewellery
 e - a ring of fire
 g - a ring of protection from fire (left hand)
Scrolls
 m - a scroll of enchant armour {unknown}
 p - a scroll of blinking
Potions
 a - 3 potions of curing
 b - a potion of magic {unknown}
 d - a potion of might
 f - a potion of heal wounds {unknown}
 h - a potion of degeneration {unknown}
 k - a potion of lignification {unknown}
 o - 2 potions of flight {unknown}

Dungeon Overview and Level Annotations

Branches:
Dungeon (4/15)
 Temple: D:4-7

Altars:
Trog

Annotations:
D:4 Duvessa


Message History

Duvessa hits you but does no damage. Dowan barely misses you.
You hit Duvessa.
Duvessa is lightly wounded.
You completely miss Dowan.
Dowan hits you with a +1 dagger of speed.
Duvessa closely misses you.
Dowan hits you with a +1 dagger of speed.
You hit Duvessa.
Duvessa is moderately wounded.
You closely miss Dowan. Duvessa hits you but does no damage.
You block Dowan's attack. Duvessa hits you with a +0 rapier.
Dowan hits you but does no damage.
You hit Duvessa but do no damage.
Duvessa is moderately wounded.
You slash Dowan! Dowan hits you but does no damage. You block Duvessa's attack.
You closely miss Duvessa.
Duvessa is moderately wounded.
You hit Dowan.
Dowan hits you with a +1 dagger of speed.
Duvessa completely misses you. Dowan closely misses you.
You slash Dowan!
You kill Dowan!
Duvessa weeps, and shakes her weapon.
Duvessa goes berserk!
You hit Duvessa but do no damage. You block Duvessa's attack.
Duvessa hits you but does no damage.
Your Axes skill increases to level 5!
You barely miss Duvessa.
Duvessa is moderately wounded.
Duvessa hits you but does no damage. x2
You hit Duvessa.
Duvessa is moderately wounded.
Duvessa hits you but does no damage. x2
You slash Duvessa!
Duvessa is heavily wounded.
Duvessa hits you with a +0 rapier! x2
You closely miss Duvessa.
Duvessa is heavily wounded.
Duvessa hits you with a +0 rapier.
You die...

............. #.e....
............. #......
#.##......... #......
#.##......... #......
#.##......... #......
#.##......... #.?....
##.##........<
#......#####..######.####
#......e@.##.#######%.#
#......)..........###.##
#..###........####.##..##
# #.........#..#..##..#
#.........#.....###..
#.........#._...###..
#......<..#.....##..#
#.........#..#......#
#.........####.......


You could see Duvessa (berserk).

Vanquished Creatures
  Dowan (D:4)
  4 adders
  An ufetubus (D:4)
  2 worms
  2 dart slugs
  15 orcs
  3 endoplasms
  A giant cockroach (D:2)
  7 goblins
  9 hobgoblins
  5 jackals
  4 kobolds
  4 quokkas
  10 ball pythons
  8 bats
  6 frilled lizards
  7 rats
89 creatures vanquished.

Notes
Turn   | Place    | Note
-------+----------+-------------------------------------------
     0 | D:1      | qw the Gargoyle Fighter began the quest for the Orb.
     0 | D:1      | Reached XP level 1. HP: 14/14 MP: 1/1
     0 | D:1      | 0 ||| qw: Version: 0.1-a-119-g272c26d
     0 | D:1      | 0 ||| qw: Game counter: 10856
     0 | D:1      | 0 ||| qw: Always use a shield: true
     0 | D:1      | 0 ||| qw: God list: Okawaru
     0 | D:1      | 0 ||| qw: Allow faded altars: false
     0 | D:1      | 0 ||| qw: Do Orc after D:15 true
     0 | D:1      | 0 ||| qw: Do second Lair branch before Depths: true
     0 | D:1      | 0 ||| qw: Lair rune preference: random
     0 | D:1      | 0 ||| qw: Plans: Normal, Zot, God:TSO, Crypt, Tomb, Pan,
                  | Slime, Hells, Zig, Abyss, Orb
     0 | D:1      | 0 ||| PLANNING D:1-11
    21 | D:1      | 21 ||| Stepping ~*~*~tactically~*~*~ (stealth).
    25 | D:1      | 25 ||| Stepping ~*~*~tactically~*~*~ (stealth).
    26 | D:1      | 26 ||| Stepping ~*~*~tactically~*~*~ (stealth).
    45 | D:1      | Reached skill level 2 in Axes
   344 | D:1      | Reached XP level 2. HP: 14/19 MP: 2/2
   466 | D:1      | 466 ||| Stepping ~*~*~tactically~*~*~ (stealth).
   496 | D:1      | 496 ||| DROPPING +0 club.
   651 | D:1      | Reached skill level 3 in Axes
   651 | D:1      | 651 ||| Stepping ~*~*~tactically~*~*~ (stealth).
   853 | D:1      | 853 ||| READING scroll labelled NAESEI GARA.
   854 | D:1      | 854 ||| READING scroll labelled DUULIE CICAA.
   855 | D:1      | 855 ||| READING scroll labelled ZAIHUG MARAOTS.
   894 | D:2      | Reached XP level 3. HP: 23/23 MP: 3/3
   982 | D:2      | Found a faded altar of an unknown god.
  1044 | D:2      | 1044 ||| Stepping ~*~*~tactically~*~*~ (stealth).
  1083 | D:2      | 1083 ||| Stepping ~*~*~tactically~*~*~ (stealth).
  1084 | D:2      | 1084 ||| Stepping ~*~*~tactically~*~*~ (stealth).
  1240 | D:2      | 1240 ||| DROPPING +0 mace.
  1471 | D:2      | Reached XP level 4. HP: 28/28 MP: 4/4
  1590 | D:2      | 1590 ||| UPGRADING to +0 pair of gloves.
  1595 | D:2      | 1595 ||| READING scroll labelled PYGILO SUCWA.
  1666 | D:3      | Reached skill level 4 in Axes
  1738 | D:3      | 1738 ||| FLEEEEING.
  2067 | D:3      | 2067 ||| Stepping ~*~*~tactically~*~*~ (stealth).
  2069 | D:3      | 2069 ||| Stepping ~*~*~tactically~*~*~ (stealth).
  2155 | D:3      | 2155 ||| UPGRADING to +0 chain mail.
  2165 | D:3      | 2165 ||| DROPPING +0 scale mail.
  2166 | D:3      | 2166 ||| UPGRADING to ring of protection from fire.
  2167 | D:3      | 2167 ||| READING scroll labelled JUTAEBA AQOGU.
  2168 | D:3      | 2168 ||| DRINKING 2 glowing ruby potions.
  2169 | D:3      | 2169 ||| DRINKING 2 white potions.
  2170 | D:3      | 2170 ||| DROPPING potion of brilliance.
  2187 | D:4      | 2187 ||| Stepping ~*~*~tactically~*~*~ (stealth).
  2199 | D:4      | Reached XP level 5. HP: 26/32 MP: 5/5
  2460 | D:4      | Found a bloodstained altar of Trog.
  2711 | D:4      | Noticed Duvessa
  2711 | D:4      | Noticed Dowan
  2712 | D:4      | 2712 ||| Stepping ~*~*~tactically~*~*~ (stealth).
  2714 | D:4      | 2714 ||| Stepping ~*~*~tactically~*~*~ (stealth).
  2716 | D:4      | 2716 ||| Stepping ~*~*~tactically~*~*~ (hiding).
  2729 | D:4      | Killed Dowan
  2730 | D:4      | Reached skill level 5 in Axes
  2732 | D:4      | HP: 3/32 [Duvessa/+0 rapier (7)]
  2733 | D:4      | Slain by Duvessa

Levels and vault maps discovered:
D:1:      dpeg_arrival_shrine, layout_rooms
D:2:      layout_loops_ring, hellmonk_ecumenical_altar_defaced_shrine,
          minmay_tetromino_l4
D:3:      layout_rooms, minmay_misc_feat_hallway
D:4:      layout_rooms, mainiacjoe_overflow_alcove_1, st_stairs_12, uniq_duvessa

Skill      XL: |  1  2  3  4  5 |
---------------+----------------+-----
Axes           | 2 3 4 5 |  5.3
Fighting       | |  3.2
Armour         | |  3.2
Shields        | |  3.2

Action                   |  1- 3 |  4- 6 || total
-------------------------+-------+-------++-------
Melee: War axe           |   119 |   117 ||   236
Throw: Boomerang         |    27 |    41 ||    68
  Use: Scroll            |     3 |     2 ||     5
       Potion            |       |     2 ||     2
Armor: Scale mail        |    67 |    40 ||   107
       Chain mail        |       |    40 ||    40
Dodge: Dodged            |    57 |    46 ||   103
Block: Buckler           |    17 |    27 ||    44

Table legend:
 A = Non-vault XP
 B = Vault XP
 C = Vault XP percentage of total XP
 D = Non-vault monster count
 E = Vault monster count
 F = Vault count percentage of total count
                 A         B        C        D         E       F
            +---------+---------+-------+---------+---------+-------
      Total |     205 |      83 |  28.8 |      81 |       8 |   9.0
            +---------+---------+-------+---------+---------+-------
        D:1 |      32 |       0 |   0.0 |      19 |       0 |   0.0
        D:2 |      43 |      14 |  24.6 |      19 |       6 |  24.0
        D:3 |      62 |       0 |   0.0 |      26 |       0 |   0.0
        D:4 |      68 |      69 |  50.4 |      17 |       2 |  10.5
            +---------+---------+-------+---------+---------+-------
